 Dungeon Crawl Stone Soup version 0.31-a0-1338-gb567cfdca4 (console) character file.

Game seed: 11568447257562411983

457 jejorda2 the Chopper (level 7, -3/90 HPs)
             Began as a Gnoll Berserker on Dec 21, 2023.
             Was a Priest of Trog.
             Splashed by a jelly's acid (5 damage)
             ... on level 4 of the Dungeon.
             The game lasted 00:05:33 (3716 turns).

jejorda2 the Chopper (Gnoll Berserker)              Turns: 3716, Time: 00:05:34

Health: -3/90      AC: -14   Str: 18    XL:     7   Next: 6%
Magic:  10/10      EV:  9    Int:  6    God:    Trog [***...]
Gold:   205        SH:  0    Dex: 12    Spells: 10/10 levels left

rFire   . . .        a - +0 hand axe
rCold   . . .        (no shield)
rNeg    . . .        i - +0 chain mail
rPois   .            (no helmet)
rElec   .            (no cloak)
rCorr   .            (no gloves)
SInv    .            (no boots)
Will    .....        (no amulet) Stlth
                     (no ring)
HPRegen 0.35/turn    (no ring)
MPRegen 0.12/turn

%: no passive effects
@: berserking, corroded, very quick
A: fangs 1, strong nose, distributed training
a: Renounce Religion, Berserk, Trog's Hand


You were on level 4 of the Dungeon.
You worshipped Trog.
Trog was most pleased with you.
You visited 1 branch of the dungeon, and saw 4 of its levels.

You collected 205 gold pieces.

Inventory:

Hand Weapons
 a - a +0 hand axe (weapon)
 d - a +0 quarterstaff
Missiles
 s - 3 silver javelins
Armour
 i - a +0 chain mail (worn)
Jewellery
 r - a +5 ring of evasion
Wands
 o - a wand of flame (20)
Scrolls
 b - 2 scrolls of revelation {unknown}
 c - 2 scrolls of brand weapon {unknown}
 e - a scroll of immolation {unknown}
 f - a scroll of teleportation {unknown}
 h - 4 scrolls of identify {unknown}
 k - 2 scrolls of silence {unknown}
 m - a scroll of butterflies {unknown}
 n - 2 scrolls of blinking {unknown}
 q - a scroll of enchant armour {unknown}
Potions
 g - a potion of berserk rage {unknown}
 j - a potion of heal wounds {unknown}
 l - a potion of mutation {unknown}
 p - a potion of attraction {unknown}


   Skills:
 + Level 7.0 Fighting
 + Level 2.3 Short Blades
 + Level 2.3 Long Blades
 + Level 7.0 Axes
 + Level 2.3 Maces & Flails
 + Level 2.3 Polearms
 + Level 2.3 Staves
 + Level 2.3 Ranged Weapons
 + Level 2.3 Throwing
 + Level 5.1 Armour
 + Level 5.1 Dodging
 + Level 2.3 Stealth
 + Level 2.3 Shields
 + Level 2.3 Unarmed Combat
 + Level 2.3 Spellcasting
 + Level 1.9 Conjurations
 + Level 1.9 Hexes
 + Level 1.9 Summonings
 + Level 1.9 Necromancy
 + Level 1.9 Translocations
 + Level 1.9 Fire Magic
 + Level 1.9 Ice Magic
 + Level 1.9 Air Magic
 + Level 1.9 Earth Magic
 + Level 1.9 Alchemy
 + Level 2.5 Invocations
 + Level 2.3 Evocations
 + Level 2.1 Shapeshifting


You had 10 spell levels left.
You didn't know any spells.
Your spell library was empty.

Dungeon Overview and Level Annotations

Branches:
Dungeon (4/15)
 Temple: D:4-7

Altars:
Wu Jian
The Shining One


Innate Abilities, Weirdness & Mutations

You have very sharp teeth.
Your uncanny sense of smell can sniff out nearby items.
Your experience applies equally to all skills.


Message History

A jelly comes into view.
The jelly quivers.
You hit the jelly but do no damage. The acid corrodes you!
Your hands burn!
You bite the jelly, but do no damage. The jelly closely misses you.
You hit the jelly.
Your hands burn!
You bite the jelly, but do no damage.
The jelly is moderately wounded.
The jelly hits you but does no damage.
You hit the jelly. The acid corrodes you!
Your hands burn!
You bite the jelly, but do no damage.
The jelly is heavily wounded.
The jelly closely misses you.
You hit the jelly but do no damage.
Your hands burn!
The jelly is heavily wounded.
The jelly hits you.
You are splashed with acid!
You hit the jelly.
Your hands burn!
The jelly is heavily wounded.
The jelly hits you. The acid corrodes you!
You are splashed with acid!
You are too injured to fight recklessly!
You are too injured to fight recklessly!
You are too injured to fight recklessly!
You hit the jelly but do no damage.
Your hands burn!
The jelly is heavily wounded.
The jelly hits you.
* * * LOW HITPOINT WARNING * * *
The acid corrodes you!
You are splashed with acid!
* * * LOW HITPOINT WARNING * * *
A red film seems to cover your vision as you go berserk!
You feel yourself moving faster!
You feel mighty! The jelly hits you.
* * * LOW HITPOINT WARNING * * *
The acid corrodes you!
You are splashed with acid!
* * * LOW HITPOINT WARNING * * *
You hit the jelly. The acid corrodes you!
Your hands burn!
* * * LOW HITPOINT WARNING * * *
The jelly is severely wounded.
You hit the jelly but do no damage.
Your hands burn!
* * * LOW HITPOINT WARNING * * *
The jelly is severely wounded.
The jelly closely misses you.
You hit the jelly but do no damage. The acid corrodes you!
Your hands burn!
You die...

#................
#................
##......†........
##....)......#..
####.)#.####...
####...##.# #...
##.##.####.## #...
##.......##..###..#
#.@##....###.##...#
#J#####...........# ...
##..##....... ##..
.........##.##
.#####.#########.........
#..........## #....##.##
..........>.## #..#.#..##
#.. ............#
##..#.#.##
#.#######.........#
...#.#.#


You could see a jelly.

Vanquished Creatures
  Sigmund (D:2)
  2 jellies
  Natasha (thrice) (D:2)
  An orc wizard (D:3)
  3 adders
  4 worms
  4 dart slugs
  4 orcs (D:3)
  5 endoplasms
  3 giant cockroaches
  9 goblins
  7 hobgoblins
  3 jackals (D:2)
  14 kobolds
  3 quokkas
  7 ball pythons
  6 bats
  6 frilled lizards
  6 rats
91 creatures vanquished.

Notes
Turn   | Place    | Note
-------+----------+-------------------------------------------
     0 | D:1      | jejorda2 the Gnoll Berserker began the quest for the Orb.
     0 | D:1      | Reached XP level 1. HP: 23/23 MP: 1/1
   261 | D:1      | Reached XP level 2. HP: 29/29 MP: 2/2
   806 | D:1      | Reached XP level 3. HP: 32/35 MP: 3/3
  1154 | D:2      | Noticed Natasha
  1154 | D:2      | Noticed Sigmund
  1197 | D:3      | HP: 1/35 [acid (3)]
  1198 | D:3      | Reached ** piety under Trog
  1199 | D:3      | Reached skill level 1 in Short Blades
  1199 | D:3      | Reached skill level 1 in Long Blades
  1199 | D:3      | Reached skill level 1 in Maces & Flails
  1199 | D:3      | Reached skill level 1 in Polearms
  1199 | D:3      | Reached skill level 1 in Staves
  1199 | D:3      | Reached skill level 1 in Ranged Weapons
  1199 | D:3      | Reached skill level 1 in Throwing
  1199 | D:3      | Reached skill level 1 in Stealth
  1199 | D:3      | Reached skill level 1 in Shields
  1199 | D:3      | Reached skill level 1 in Unarmed Combat
  1199 | D:3      | Reached skill level 1 in Spellcasting
  1199 | D:3      | Reached skill level 1 in Invocations
  1199 | D:3      | Reached skill level 1 in Evocations
  1199 | D:3      | Reached skill level 1 in Shapeshifting
  1199 | D:3      | Reached XP level 4. HP: 2/41 MP: 5/5
  1490 | D:3      | Reached skill level 1 in Conjurations
  1490 | D:3      | Reached skill level 1 in Hexes
  1490 | D:3      | Reached skill level 1 in Summonings
  1490 | D:3      | Reached skill level 1 in Necromancy
  1490 | D:3      | Reached skill level 1 in Translocations
  1490 | D:3      | Reached skill level 1 in Fire Magic
  1490 | D:3      | Reached skill level 1 in Ice Magic
  1490 | D:3      | Reached skill level 1 in Air Magic
  1490 | D:3      | Reached skill level 1 in Earth Magic
  1490 | D:3      | Reached skill level 1 in Alchemy
  2117 | D:2      | Reached XP level 5. HP: 47/47 MP: 7/7
  2122 | D:2      | Found a glowing golden altar of the Shining One.
  2393 | D:2      | Killed Sigmund
  2394 | D:2      | Reached skill level 5 in Armour
  2394 | D:2      | Reached skill level 5 in Dodging
  2394 | D:2      | Reached XP level 6. HP: 33/53 MP: 7/9
  2426 | D:2      | Killed Natasha
  2500 | D:2      | Noticed Natasha
  2513 | D:2      | Killed Natasha
  2528 | D:2      | Reached *** piety under Trog
  2588 | D:2      | You fall into a shaft and drop 2 floors!
  2588 | D:4      | Found an ornate altar of the Wu Jian Council.
  2959 | D:2      | Found a glowing golden altar of the Shining One.
  3359 | D:2      | Noticed Natasha
  3373 | D:2      | Killed Natasha
  3641 | D:4      | Reached XP level 7. HP: 58/60 MP: 10/10
  3714 | D:4      | HP: 4/90 [acid (2)]
  3716 | D:4      | Splashed by a jelly's acid

Illustrated notes

Levels and vault maps discovered:
D:1:      minmay_arrival_cross, layout_basic, minmay_tiny_reverse_x
D:2:      layout_loops_ring, basic_altar, minmay_distorted, uniq_natasha,
          uniq_sigmund
D:3:      layout_rooms, minmay_close_crescents
D:4:      layout_rooms, nzn_wu_jian_contemplation, portal_sewer_entry_c,
          nicolae_wormholes

Skill      XL: |  1  2  3  4  5  6 |
---------------+-------------------+-----
Short Blades   | 1 2 |  2.3
Long Blades    | 1 2 |  2.3
Maces & Flails | 1 2 |  2.3
Polearms       | 1 2 |  2.3
Staves         | 1 2 |  2.3
Ranged Weapons | 1 2 |  2.3
Throwing       | 1 2 |  2.3
Stealth        | 1 2 |  2.3
Shields        | 1 2 |  2.3
Unarmed Combat | 1 2 |  2.3
Spellcasting   | 1 2 |  2.3
Invocations    | 1 2 |  2.5
Evocations     | 1 2 |  2.3
Shapeshifting  | 1 2 |  2.1
Conjurations   | 1 |  1.9
Hexes          | 1 |  1.9
Summonings     | 1 |  1.9
Necromancy     | 1 |  1.9
Translocations | 1 |  1.9
Fire Magic     | 1 |  1.9
Ice Magic      | 1 |  1.9
Air Magic      | 1 |  1.9
Earth Magic    | 1 |  1.9
Alchemy        | 1 |  1.9
Armour         | 5 |  5.1
Dodging        | 5 |  5.1
Fighting       | 7 |  7.0
Axes           | 7 |  7.0

Action                     |  1- 3 |  4- 6 |  7- 9 || total
---------------------------+-------+-------+-------++-------
  Melee: Hand axe          |    85 |   233 |    15 ||   333
         Punch             |     2 |     1 |       ||     3
         Bite              |     7 |    24 |     4 ||    35
 Invoke: Berserk           |     1 |     1 |     1 ||     3
         Trog's Hand       |       |     1 |       ||     1
   Stab: Sleeping          |     3 |       |       ||     3
 Armour: Animal skin       |    43 |    27 |       ||    70
         Chain mail        |       |   101 |     9 ||   110
  Dodge: Dodged            |    37 |    93 |     8 ||   138

Table legend: (Time is in decaauts)
 A = Elapsed time spent in this place.
 B = Non-inter-level travel time spent in this place.
 C = Inter-level travel time spent in this place.
 D = Time resting spent in this place.
 E = Time spent auto-exploring this place.
 F = Levels seen in this place.
 G = Mean time per level.
                   A        B        C        D        E       F      G
               +--------+--------+--------+--------+--------+-----+--------+
         Total |   3736 |   3635 |    101 |    204 |   2791 |   4 |  934.0 |
       Dungeon |   3736 |   3635 |    101 |    204 |   2791 |   4 |  934.0 |
               +--------+--------+--------+--------+--------+-----+--------+

Top non-repeatable levels by time:
     D:2: 1415 daAuts
     D:1: 1153 daAuts
     D:3: 909 daAuts
     D:4: 258 daAuts
